 Dungeon Crawl Stone Soup version 0.28-a0-793-g31680bbd8b (webtiles) character file.

Game seed: 7935208462393478729

43061 mumon the Bewitcher (level 13, -1/58 HPs)
             Began as a Felid Conjurer on Nov 3, 2021.
             Was a High Priest of Sif Muna.
             Slain by a wolf spider (2 damage)
             ... on level 1 of the Spider Nest on Nov 4, 2021.
             The game lasted 06:19:03 (57983 turns).

mumon the Bewitcher (Felid Conjurer)               Turns: 57983, Time: 06:19:04

Health: -1/58      AC:  3    Str:  6    XL:     13   Next: 88%
Magic:  19/32      EV: 24    Int: 22    God:    Sif Muna [*****.]
Gold:   722        SH:  0    Dex: 14    Spells: 0/25 levels left
                                        Lives:  0   Deaths: 4

rFire   . . .      SeeInvis +   (weapon unavailable)
rCold   + . .      Faith    +   (shield unavailable)
rNeg    . . .      Spirit   .   (armour unavailable)
rPois   .          Reflect  .   (helmet unavailable)
rElec   .          Harm     .   (cloak unavailable)
rCorr   .          Rampage  .   (gloves unavailable)
Will    +....                   (boots unavailable)
Stlth   +++++.....              w - amulet of faith
HPRegen 0.19/turn               q - ring of magical power
MPRegen 0.23/turn               C - ring of wizardry

@: lethally poisoned (-1 -> -47), quick
A: very small, claws 1, fangs 3, see invisible, speed 1, shaggy fur 3, stealthy
paws, no weapons or thrown items, no armour, multi-lived
a: Renounce Religion, Channel Magic, Forget Spell, Divine Exegesis


You were on level 1 of the Spider Nest.
You worshipped Sif Muna.
Sif Muna was extremely pleased with you.
You visited 5 branches of the dungeon, and saw 25 of its levels.

You collected 1883 gold pieces.
You spent 1161 gold pieces at shops.

Inventory:

Missiles
 p - 491 stones
Jewellery
 g - a ring of protection from cold
 q - a ring of magical power (left paw)
 w - an amulet of faith (around neck)
 C - a ring of wizardry (right paw)
Wands
 a - a wand of paralysis (14)
 b - a wand of flame (11)
 l - a wand of iceblast (20)
 r - a wand of digging (17)
 x - a wand of polymorph (33)
 F - a wand of acid (6)
Scrolls
 d - a scroll of amnesia
 e - 2 scrolls of immolation
 m - 5 scrolls of blinking
 t - a scroll of fog
 y - 2 scrolls of magic mapping
 A - a scroll of vulnerability
 B - a scroll of holy word
 E - a scroll of acquirement
 H - 2 scrolls of teleportation
Potions
 c - 5 potions of brilliance
 f - a potion of attraction
 h - 3 potions of might
 i - 2 potions of resistance
 j - 4 potions of lignification
 k - 6 potions of curing
 n - 2 potions of ambrosia
 o - 3 potions of flight
 s - a potion of haste
 u - 2 potions of berserk rage
 v - 2 potions of cancellation
 z - a potion of invisibility
 D - 2 potions of heal wounds
 G - a potion of magic {unknown}


   Skills:
 + Level 7.7 Fighting
 + Level 13.1 Dodging
 + Level 10.7 Stealth
 + Level 6.6 Spellcasting
 + Level 12.9 Conjurations
 + Level 15.5 Hexes
 + Level 1.0 Summonings
 + Level 4.7 Necromancy
 + Level 10.9 Translocations
 + Level 9.0 Earth Magic
 + Level 9.2 Invocations


You couldn't memorise any spells.
You knew the following spells:

 Your Spells              Type           Power      Damage    Failure   Level
a - Magic Dart            Conj           100%       1d8       1%          1
b - Iskenderun's Battles  Conj           59%        2d11      1%          5
c - Iron Shot             Conj/Erth      26%        9d6       6%          6
d - Fulminant Prism       Conj/Hex       31%        3d16      1%          4
e - Stone Arrow           Conj/Erth      100%       3d13      1%          3
f - Blink                 Tloc           100%       N/A       1%          2
g - Sublimation of Blood  Necr           28%        N/A       1%          2
h - Poisonous Vapours     Pois/Air       14%        N/A       5%          2

Your spell library contained the following spells:

 Spells                   Type           Power      Damage    Failure   Level
 Slow                     Hex            100%       N/A       0%          1
 Apportation              Tloc           100%       N/A       1%          1
 Sandblast                Erth           92%        2d19      1%          1
 Corpse Rot               Necr/Air       34%        N/A       1%          2
 Passwall                 Tmut/Erth      22%        N/A       1%          2
 Searing Ray              Conj           100%       2d8       1%          2
 Static Discharge         Conj/Air       35%        N/A       1%          2
 Confusing Touch          Hex            66%        N/A       1%          3
 Dazzling Flash           Conj/Hex       100%       N/A       1%          3
 Lesser Beckoning         Tloc           53%        N/A       1%          3
 Mephitic Cloud           Conj/Pois/Air  26%        N/A       1%          3
 Summon Guardian Golem    Hex/Summ       43%        N/A       1%          3
 Teleport Other           Tloc           53%        N/A       1%          3
 Vampiric Draining        Necr           28%        2d8       1%          3
 Iskenderun's Mystic Bla  Conj/Tloc      56%        2d12      1%          4
 Leda's Liquefaction      Hex/Erth       28%        N/A       1%          4
 Passage of Golubria      Tloc           53%        N/A       1%          4
 Manifold Assault         Tloc           53%        N/A       1%          5
 Summon Small Mammal      Summ           44%        N/A       2%          1
 Hailstorm                Conj/Ice       35%        3d9       2%          4
 Sticky Flame             Conj/Fire      35%        2d5       2%          4
 Beastly Appendage        Tmut           14%        N/A       3%          1
 Dispel Undead            Necr           28%        3d13      4%          4
 Metabolic Englaciation   Hex/Ice        20%        N/A       4%          5
 Silence                  Hex/Air        20%        N/A       4%          5
 Wereblood                Tmut           7%         N/A       5%          2
 Petrify                  Tmut/Erth      27%        N/A       6%          4
 Call Canine Familiar     Summ           11%        N/A       7%          3
 Ozocubu's Armour         Ice            7%         N/A       11%         3
 Spider Form              Tmut/Pois      7%         N/A       11%         3
 Agony                    Necr           28%        N/A       13%         5
 Freezing Cloud           Conj/Ice/Air   13%        6-21      16%         5
 Ice Form                 Ice/Tmut       7%         N/A       32%         4
 Statue Form              Tmut/Erth      18%        N/A       61%         6
 Spellforged Servitor     Conj/Summ      19%        N/A       82%         7
 Simulacrum               Ice/Necr       8%         N/A       86%         6
 Malign Gateway           Summ/Tloc      16%        N/A       91%         7
 Borgnjor's Revivificati  Necr           14%        N/A       100%        8
 Necromutation            Tmut/Necr      8%         N/A       100%        8
 Fire Storm               Conj/Fire      17%        8d5       100%        9


Dungeon Overview and Level Annotations

Branches:
Dungeon (15/15)            Temple (1/1) D:4            Lair (6/6) D:9
  Swamp (0/4) Lair:4       Spider (1/4) Lair:2        Slime (0/5) Lair:5
    Orc (2/2) D:10            Elf (0/3) Orc:2        Vaults (0/5) D:13
 Depths (0/4) D:15

Altars:
Ashenzari
Cheibriados
Dithmenos
Elyvilon
Fedhas
Gozag
Hepliaklqana
Kikubaaqudgha
Makhleb
Nemelex Xobeh
Okawaru
Qazlal
Ru
Sif Muna
Trog
Uskayaw
Vehumet
Wu Jian
Xom
Yredelemnul
Zin
The Shining One
Beogh

Shops:
D:1 ?   D:8 (   D:10 :   Orc:2 :[(*

Annotations:
Lair:2 Harold


Innate Abilities, Weirdness & Mutations

You have sharp claws.
You have razor-sharp teeth.
You have supernaturally acute eyesight. (SInv)
You cover ground quickly. (Speed+)
Your thick and shaggy fur keeps you warm. (AC +3, rC+)
Your paws help you pounce on unaware monsters.
You are incapable of wielding weapons or throwing items.
You cannot wear armour.
You gain extra lives every three experience levels.


Message History

Press: ? - help, Shift-Dir - straight line, f - redback, p - wolf spider
Aim: a redback (72% to hit)
The stone arrow hits the redback!
The redback is heavily wounded.
Your battlesphere fires!
The barrage of energy hits the orb spider!
The orb spider is moderately wounded.
The wolf spider closely misses you. The wolf spider misses you.
The orb spider bites your battlesphere.
Casting: Stone Arrow (safe; 1% risk of failure)
Confirm with . or Enter, or press ? or * to list all spells.
Aiming: Stone Arrow (safe; 1% risk of failure)
Press: ? - help, Shift-Dir - straight line, f/p - redback
Aim: a redback (heavily wounded, 72% to hit)
Okay, then.
Unknown command.
Casting: Stone Arrow (safe; 1% risk of failure)
Confirm with . or Enter, or press ? or * to list all spells.
Aiming: Magic Dart (safe; 1% risk of failure)
Press: ? - help, Shift-Dir - straight line, f/p - redback
Aim: a redback (heavily wounded, 100% to hit)
The magic dart hits the wolf spider.
The wolf spider is almost dead.
Your battlesphere fires!
The barrage of energy hits the orb spider.
The orb spider is moderately wounded.
The wolf spider misses you. The wolf spider bites you.
You are poisoned.
The wolf spider poisons you!
You feel extremely sick. The wolf spider completely misses you.
The wolf spider misses you.
There is a crawl-hole back to the Lair here.
You feel very sick. The wolf spider hits you!! The wolf spider bites you.
* * * LOW HITPOINT WARNING * * *
You are more poisoned.
The wolf spider poisons you! The redback bites you!
* * * LOW HITPOINT WARNING * * *
The wolf spider hits you.
You die...

.###........
...........
##....#....#
#....#.....#
##..........#
#...#........
#...#s##....
#..s..*......
##@s##..#.#..
#...## .##
#.^.# #.
###.. .. #.#
.. ### #..


You could see a wolf spider, an orb spider, a redback and a friendly
battlesphere.

Vanquished Creatures
  2 orc warlords
  A dire elephant (Lair:6)
  An ettin (D:15)
  2 vault guards (D:13)
  2 catoblepae
  12 hydras
  5 two-headed ogres
  2 centaur warriors
  Erica (D:10)
  8 death yaks
  3 tengu warriors
  An orc high priest (Orc:2)
  Nergalle (Orc:2)
  3 skeletal warriors (D:14)
  A deep troll (D:15)
  4 orc knights
  2 wizards (D:15)
  An orc sorcerer (Orc:2)
  A necromancer (Lair:5)
  16 ugly things
  2 deep elf pyromancers (D:15)
  The ghost of Leeroy the Transmogrifier, a novice DrTm of Wu Jian (D:6)
  5 cyclopes
  An orb spider (shapeshifter) (D:14)
  5 manticores
  7 black mambas
  13 elephants
  3 torpor snails
  15 cane toads
  2 gargoyles
  3 unseen horrors
  4 rime drakes
  15 komodo dragons
  2 kobold demonologists
  3 yaktaurs
  2 tengu conjurers
  2 polar bears (Lair:4)
  2 jumping spiders (Lair:2)
  4 trolls
  5 slime creatures
  9 blink frogs
  Grinder (D:3)
  8 dream sheep
  A redback (shapeshifter) (D:13)
  A redback (Lair:2)
  9 wyverns
  Sigmund (D:4)
  21 yaks
  9 humans (D:13)
  9 basilisks
  A golden eye (shapeshifter) (D:15)
  13 vampire mosquitoes
  2 wargs
  An acid dragon (D:10)
  15 water moccasins
  A hornet zombie (D:6)
  28 orc warriors
  2 ice beasts
  A black bear (Lair:4)
  2 necrophages
  25 wolves
  12 ogres
  2 phantoms
  11 centaurs
  15 kobold brigands
  15 bullfrogs
  3 scorpions
  19 killer bees
  A water moccasin skeleton (D:4)
  4 howler monkeys
  2 electric eels
  A crimson imp (D:9)
  2 bullfrog zombies
  3 centaur zombies
  A centaur skeleton (D:7)
  3 gnoll shamans
  6 hounds
  18 orc priests
  A bullfrog skeleton (D:6)
  5 iguanas
  24 orc wizards
  2 yak simulacra (Lair:5)
  3 polar bear simulacra (Lair:5)
  3 wolf simulacra (Lair:5)
  A howler monkey zombie (D:10)
  9 gnolls
  11 adders
  2 white imps (D:7)
  3 ufetubi
  An adder zombie (D:5)
  An adder skeleton (D:4)
  2 worms (D:2)
  5 dart slugs
  79 orcs
  2 bats (D:2)
  5 endoplasms
  2 giant cockroaches (D:4)
  11 goblins
  2 hobgoblins
  5 jackals
  11 kobolds
  3 quokkas
  6 ball pythons
  14 frilled lizards
  3 rats
  3 river rat simulacra (Lair:5)
  6 fulminant prisms
668 creatures vanquished.

Vanquished Creatures (others)
  A human (D:13)
  101 fulminant prisms
  51 fungi
  143 plants
296 creatures vanquished.

Grand Total: 964 creatures vanquished

Notes
Turn   | Place    | Note
-------+----------+-------------------------------------------
     0 | D:1      | mumon the Felid Conjurer began the quest for the Orb.
     0 | D:1      | Reached XP level 1. HP: 7/7 MP: 4/4
   298 | D:1      | Found Ehunirch's Magic Scroll Shop.
   464 | D:1      | Reached XP level 2. HP: 11/11 MP: 0/6
  1338 | D:1      | Learned a level 2 spell: Searing Ray
  1722 | D:2      | Reached XP level 3. HP: 14/14 MP: 2/7
  2046 | D:2      | Reached skill level 5 in Conjurations
  2578 | D:2      | Reached XP level 4. HP: 18/18 MP: 1/8
  3030 | D:2      | Learned a level 3 spell: Dazzling Flash
  3391 | D:3      | Noticed a necrophage
  3462 | D:4      | Noticed an ice beast
  3521 | D:3      | Killed a necrophage
  3522 | D:3      | Reached skill level 3 in Hexes
  3522 | D:3      | Reached XP level 5. HP: 21/21 MP: 1/9
  3833 | D:3      | Noticed Grinder
  4538 | D:4      | Noticed an ogre
  4556 | D:4      | Killed an ogre
  4557 | D:4      | Reached skill level 4 in Hexes
  4557 | D:4      | Gained mutation: You are covered in thick fur. (AC +2)
                  | [Felid growth]
  4557 | D:4      | Reached XP level 6. HP: 15/24 MP: 3/10
  4749 | D:4      | Reached skill level 5 in Hexes
  4996 | D:4      | Noticed Sigmund
  5027 | D:4      | Found a staircase to the Ecumenical Temple.
  5035 | D:4      | Reached XP level 7. HP: 27/27 MP: 3/11
  5040 | Temple   | Entered the Ecumenical Temple
  5288 | Temple   | Became a worshipper of Sif Muna the Loreminder
  5548 | D:5      | Entered Level 5 of the Dungeon
  5796 | D:4      | Reached skill level 6 in Hexes
  6880 | D:6      | Reached skill level 7 in Hexes
  7070 | D:5      | Asphyxiated
  7071 | D:5      | Reached XP level 6. HP: 0/24 MP: 1/10
  7588 | D:5      | Found an ancient bone altar of Kikubaaqudgha.
  7591 | D:5      | Reached XP level 7. HP: 27/27 MP: 8/11
  8029 | D:5      | Learned a level 4 spell: Fulminant Prism
  8036 | D:5      | Reached * piety under Sif Muna
  8053 | D:5      | Reached skill level 8 in Hexes
  8593 | D:6      | Reached skill level 1 in Fighting
  9377 | D:6      | Reached XP level 8. HP: 33/33 MP: 6/13
  9592 | D:6      | Found a runed translucent gate.
  9592 | D:6      | Found a runed translucent gate.
  9592 | D:6      | Found a runed translucent gate.
  9593 | D:6      | Noticed a kobold demonologist
  9593 | D:6      | Noticed Leeroy's ghost (novice DrTm)
 10254 | D:7      | Reached skill level 9 in Hexes
 11049 | D:7      | Found an opulent altar of Gozag.
 11056 | D:7      | Found a glowing silver altar of Zin.
 11057 | D:7      | Found a white marble altar of Elyvilon.
 11059 | D:7      | Found a basalt altar of Yredelemnul.
 11986 | D:8      | Reached XP level 9. HP: 33/37 MP: 9/14
 12558 | D:7      | Reached skill level 10 in Hexes
 12695 | D:8      | Reached skill level 5 in Dodging
 12697 | D:8      | Reached ** piety under Sif Muna
 13224 | D:8      | Found a broken altar of Ashenzari.
 13591 | D:8      | Reached skill level 10 in Conjurations
 13856 | D:8      | Reached skill level 1 in Invocations
 14051 | D:8      | Reached skill level 11 in Hexes
 14166 | D:8      | Found Kaokapi's Antique Weapon Boutique.
 15004 | D:8      | Reached XP level 10. HP: 29/40 MP: 2/15
 15857 | D:8      | Learned a level 3 spell: Stone Arrow
 16318 | D:9      | Found a staircase to the Lair.
 16596 | D:9      | Learned a level 2 spell: Blink
 16794 | D:9      | Reached skill level 1 in Earth Magic
 17095 | D:9      | Reached skill level 1 in Translocations
 17517 | D:9      | Found a radiant altar of Vehumet.
 17518 | D:9      | Found a burning altar of Makhleb.
 18033 | D:9      | Noticed a three-headed hydra
 18102 | D:10     | Entered Level 10 of the Dungeon
 18103 | D:10     | Noticed Erica
 18393 | D:9      | Reached *** piety under Sif Muna
 18934 | D:10     | Found Velel's Book Boutique.
 19032 | D:11     | Noticed a manticore
 19136 | D:10     | Reached skill level 12 in Hexes
 19558 | D:10     | Killed Erica
 19559 | D:10     | Reached XP level 11. HP: 43/43 MP: 11/16
 19619 | D:10     | Noticed a two-headed ogre
 19634 | D:10     | Killed a two-headed ogre
 19913 | D:10     | Found a hazy altar of Hepliaklqana.
 20664 | D:10     | Found a staircase to the Orcish Mines.
 20815 | D:10     | Reached skill level 5 in Invocations
 20989 | D:11     | Identified the +1 robe "Ripiocod" {rPois rN+ Dex-5}
 21199 | D:11     | Noticed a two-headed ogre
 21226 | D:11     | Killed a two-headed ogre
 21445 | D:11     | Found a blossoming altar of Fedhas.
 22182 | D:10     | Bought a book of Power for 504 gold pieces
 23273 | D:12     | Noticed a two-headed ogre
 23280 | D:12     | Noticed a two-headed ogre
 23281 | D:12     | Killed a two-headed ogre
 23425 | D:12     | Noticed a two-headed ogre
 23454 | D:12     | Killed a two-headed ogre
 23455 | D:12     | Reached skill level 5 in Translocations
 23562 | D:12     | Killed a two-headed ogre
 24358 | D:12     | Reached **** piety under Sif Muna
 24366 | D:12     | Noticed a five-headed hydra
 24603 | D:12     | Killed a five-headed hydra
 24604 | D:12     | Gained mutation: Your thick and shaggy fur keeps you warm.
                  | (AC +3, rC+) [Felid growth]
 24604 | D:12     | Reached XP level 12. HP: 48/48 MP: 3/19
 25396 | Lair:1   | Entered Level 1 of the Lair of Beasts
 25875 | Lair:1   | Reached skill level 5 in Earth Magic
 25995 | Lair:1   | Reached skill level 10 in Dodging
 27191 | Lair:2   | Reached skill level 5 in Stealth
 27264 | Lair:2   | Noticed a six-headed hydra
 27302 | Lair:2   | Noticed a four-headed hydra
 27312 | Lair:2   | Killed a four-headed hydra
 27673 | Lair:2   | Noticed a death yak
 27673 | Lair:2   | Noticed a death yak
 27673 | Lair:2   | Noticed a death yak
 27975 | Lair:2   | Noticed Harold
 28059 | Lair:2   | Reached skill level 13 in Hexes
 28443 | Lair:2   | Found a hole to the Spider Nest.
 28745 | Lair:2   | Noticed an eight-headed hydra
 29141 | Lair:2   | Killed a six-headed hydra
 29685 | Lair:2   | Noticed a death yak
 29716 | Lair:2   | Killed a death yak
 30063 | Lair:2   | Killed an eight-headed hydra
 30325 | Lair:2   | Noticed a death yak
 30366 | Lair:2   | Killed a death yak
 30536 | Lair:2   | Killed a death yak
 30654 | Lair:2   | Killed a death yak
 30759 | Lair:2   | Killed a death yak
 30760 | Lair:2   | Reached skill level 5 in Fighting
 30760 | Lair:2   | Reached XP level 13. HP: 54/54 MP: 4/20
 31150 | Lair:2   | Reached ***** piety under Sif Muna
 32033 | Lair:3   | Slain by a five-headed hydra
 32034 | Lair:3   | Reached XP level 12. HP: -1/51 MP: 10/19
 32040 | Lair:3   | Received a gift from Sif Muna
 32043 | Lair:3   | Got Sif Muna's Incunabulum of Sinister Rituals {god gift}
 32822 | Lair:3   | Killed a five-headed hydra
 33359 | Lair:3   | Noticed a five-headed hydra
 33483 | Lair:2   | Learned a level 2 spell: Sublimation of Blood
 34139 | Lair:3   | Killed a five-headed hydra
 34546 | Lair:4   | Found a staircase to the Swamp.
 35256 | Lair:4   | Learned a level 5 spell: Iskenderun's Battlesphere
 36043 | Lair:4   | Reached skill level 14 in Hexes
 37420 | Lair:5   | You fall into a shaft and drop 1 floor!
 37420 | Lair:6   | Entered Level 6 of the Lair of Beasts
 37462 | Lair:6   | HP: 3/78 [wolf (1)]
 37463 | Lair:6   | Mangled by a black mamba
 37464 | Lair:6   | Reached XP level 11. HP: -6/72 MP: 18/19
 37464 | Lair:6   | Noticed a seven-headed hydra
 37469 | Lair:6   | Reached XP level 12. HP: 52/52 MP: 8/20
 37859 | Lair:5   | Found a staircase to the Slime Pits.
 38294 | Lair:5   | Reached skill level 1 in Necromancy
 39475 | Lair:6   | Noticed an eight-headed hydra
 39481 | Lair:6   | Killed an eight-headed hydra
 39845 | Lair:6   | Reached skill level 5 in Spellcasting
 40106 | Lair:6   | Killed a seven-headed hydra
 40299 | Lair:6   | Noticed a five-headed hydra
 41189 | Lair:6   | Killed a five-headed hydra
 41189 | Lair:6   | Received a gift from Sif Muna
 41445 | Lair:6   | Reached XP level 13. HP: 56/56 MP: 0/21
 41770 | Lair:6   | Noticed a dire elephant
 41977 | Lair:6   | Killed a dire elephant
 43129 | Lair:6   | Identified the +0 flail "Fatih" {vorpal, rN+ Will- Str+7}
 43628 | D:3      | Killed Grinder
 43728 | D:3      | Found a sacrificial altar of Ru.
 44145 | D:4      | Killed Sigmund
 44686 | D:6      | Killed Leeroy's ghost
 45334 | D:9      | HP: 1/57 [three-headed hydra (16)]
 46071 | D:13     | Received a gift from Sif Muna
 46072 | D:13     | Got Dimipt's Reference Book on the Dislocated Snowflakes
                  | {god gift}
 46180 | D:13     | Learned a level 6 spell: Iron Shot
 46728 | D:1      | Bought a scroll of identify for 20 gold pieces
 46728 | D:1      | Bought a scroll of identify for 20 gold pieces
 46728 | D:1      | Bought 2 scrolls of identify for 40 gold pieces
 47162 | D:13     | Got Uschudd's Collected Works on Air and Earth
 48036 | D:13     | Identified the +1 glaive of Neurosis {pain, Will- Int+3
                  | Dex+6}
 48423 | D:13     | Found a gate to the Vaults.
 48490 | D:14     | Identified a scroll of acquirement
 48675 | D:14     | Reached skill level 10 in Translocations
 49025 | D:14     | Found a shimmering altar of Xom.
 49046 | D:14     | Reached skill level 15 in Hexes
 49616 | D:14     | Reached XP level 14. HP: 61/61 MP: 13/24
 50361 | D:14     | Reached skill level 10 in Stealth
 50584 | D:14     | Found a shimmering altar of Xom.
 51136 | D:15     | Entered Level 15 of the Dungeon
 52430 | Orc:1    | Entered Level 1 of the Orcish Mines
 52675 | Orc:1    | Noticed an orc warlord
 53082 | Orc:1    | Killed an orc warlord
 53428 | Orc:2    | Entered Level 2 of the Orcish Mines
 53891 | Orc:2    | Received a gift from Sif Muna
 53962 | Orc:2    | Noticed Nergalle
 54001 | Orc:2    | Killed Nergalle
 54290 | Orc:2    | Noticed an orc warlord
 54306 | Orc:2    | Killed an orc warlord
 54749 | Orc:2    | Found a staircase to the Elven Halls.
 55436 | Orc:2    | Found Xuopomel's Antique Weapon Shop.
 55494 | Orc:2    | Found Hachalep's General Store.
 55507 | Orc:2    | Bought a scroll of magic mapping for 49 gold pieces
 55667 | Orc:2    | Found Fathre's Antique Armour Shop.
 55709 | Orc:2    | Found Bashef's Book Shop.
 55715 | Orc:2    | Bought the Almanac of the Lion for 396 gold pieces
 55715 | Orc:2    | Bought a book of Vapours for 132 gold pieces
 55782 | Orc:2    | Received a gift from Sif Muna
 56814 | D:15     | Shot with a bolt by a yaktaur
 56815 | D:15     | Reached XP level 13. HP: -1/58 MP: 18/32
 57028 | D:15     | Found a staircase to the Depths.
 57567 | D:15     | Reached skill level 1 in Summonings
 57734 | D:15     | Learned a level 2 spell: Poisonous Vapours
 57970 | Spider:1 | Entered Level 1 of the Spider Nest
 57983 | Spider:1 | HP: 1/58 [redback (14)]
 57983 | Spider:1 | Slain by a wolf spider

Illustrated notes

Levels and vault maps discovered:
D:1:      lemuel_arrival_room, layout_loops_ring, serial_shops,
          nicolae_shop_statue_plus, nrook_uturn, minmay_lizard_king
D:2:      layout_loops_cross, kennysheep_generic_room_8
D:3:      layout_loops_ring, nicolae_ru_great_annihilating_truth,
          kennysheep_nub, grunt_decor_fettered, uniq_grinder
D:4:      layout_loops_ring, minmay_temple_entry_junction, grunt_ministairs_12,
          uniq_sigmund
D:5:      layout_loops_corners, kiku_gazebo_pond_becter, serial_bayou,
          serial_bayou_pond_c, serial_bayou_shore_b, serial_bayou_lake_a,
          serial_bayou_crossing
D:6:      layout_loops_ring, enter_ossuary_5, gammafunk_ghost_nasty_kobolds,
          minivault_5
D:7:      layout_basic, minitemple
D:8:      layout_basic, lemuel_doored_altar, serial_shops, shop_statue
D:9:      layout_basic, grunt_temple_overflow_lords_of_destruction,
          dpeg_oklobed_lair, st_stairs_9, hangedman_ranch
D:10:     layout_basic, mainiacjoe_overflow_small_starburst, erik_orc_4,
          serial_shops, shop, serial_bayou_lagoon_a, uniq_erica
D:11:     layout_irregular_city, fedhas_ov_isle_minmay
D:12:     layout_grid_maze
D:13:     layout_roguey, ximxim_vaults_locker_room
D:14:     layout_loops_corners, xom_redecorated, gauntlet_entry_generic
D:15:     hangedman_depths_entry_civil_slaughter, layout_rooms,
          minmay_stone_trees_small
Temple:   hc_temple_tempest_star
Lair:1:   layout_concentric_octagons, chequers_serial_rivers_marsh,
          beast_lair_carwin_4, lemuel_fruit_fields
Lair:2:   layout_cave_pods, spider_nest_entry_a, beast_lair_carwin_9,
          grunt_megastairs_1, uniq_harold
Lair:3:   layout_regular_city, chequers_serial_rivers_micro_c
Lair:4:   wander_river, layout_hall_layers, swamp_mist, gammafunk_lair_bear_cave
Lair:5:   layout_regular_city, slime_dummy, chequers_serial_rivers_micro_d,
          eino_house_with_fridge
Lair:6:   hangedman_lair_in_review, layout_misc_corridors
Spider:1: layout_spider_delve, worms_lemuel
Orc:1:    layout_caves, basic_altar, nicolae_orc_pool_cavern, abandoned_shop
Orc:2:    grunt_orc_cross, layout_diamond_mine

Skill      XL: |  1  2  3  4  5  6  7  8  9 10 11 12 13 14 |
---------------+-------------------------------------------+-----
Conjurations   | 4 5 6 8 9 10 11 12 | 12.9
Hexes          | 3 4 5 8 9 11 12 14 15 | 15.5
Fighting       | 1 2 3 6 7 |  7.7
Spellcasting   | 3 4 5 6 |  6.6
Dodging        | 4 6 8 9 11 12 13 | 13.1
Invocations    | 2 4 6 8 9 |  9.2
Earth Magic    | 3 4 8 9 |  9.0
Translocations | 3 5 9 10 | 10.9
Stealth        | 4 8 9 10 | 10.7
Necromancy     | 2 3 4 |  4.7
Summonings     | 1 |  1.0

Action                   |  1- 3 |  4- 6 |  7- 9 | 10-12 | 13-15 || total
-------------------------+-------+-------+-------+-------+-------++-------
Melee: Unarmed           |     1 |     3 |     9 |     9 |       ||    22
       Bite              |       |       |       |     1 |       ||     1
 Cast: Magic Dart        |    55 |    39 |   138 |   189 |   193 ||   614
       Searing Ray       |    11 |    23 |    84 |    22 |       ||   140
       Dazzling Flash    |       |     2 |    11 |    12 |     1 ||    26
       Fulminant Prism   |       |       |     4 |    59 |    44 ||   107
       Stone Arrow       |       |       |       |   455 |   219 ||   674
       Iskenderun's Batt |       |       |       |    35 |    94 ||   129
       Blink             |       |       |       |     7 |     5 ||    12
       Sublimation of Bl |       |       |       |    10 |    29 ||    39
       Iron Shot         |       |       |       |       |    66 ||    66
Invok: Channel Magic     |       |       |       |     2 |     1 ||     3
Evoke: Wand              |       |       |     1 |    18 |     7 ||    26
  Use: Scroll            |       |     2 |     9 |    11 |    10 ||    32
       Potion            |       |     1 |     1 |     4 |       ||     6
 Stab: Sleeping          |       |     1 |       |       |       ||     1
Armor: Skin              |       |       |    10 |    11 |     2 ||    23
Dodge: Dodged            |     5 |    21 |   127 |   232 |    82 ||   467

Table legend: (Time is in decaauts)
 A = Elapsed time spent in this place.
 B = Non-inter-level travel time spent in this place.
 C = Inter-level travel time spent in this place.
 D = Time resting spent in this place.
 E = Time spent auto-exploring this place.
 F = Levels seen in this place.
 G = Mean time per level.
                   A        B        C        D        E       F      G
               +--------+--------+--------+--------+--------+-----+--------+
         Total |  52616 |  46795 |   5821 |  23960 |  11235 |  25 | 2104.6 |
       Dungeon |  32737 |  28850 |   3887 |  14188 |   7680 |  15 | 2182.5 |
        Temple |    223 |    211 |     12 |     57 |    140 |   1 |  223.0 |
          Lair |  16315 |  14740 |   1575 |   8326 |   2938 |   6 | 2719.2 |
   Spider Nest |     11 |     11 |      0 |      0 |      0 |   1 |   11.0 |
  Orcish Mines |   3328 |   2983 |    345 |   1388 |    475 |   2 | 1664.0 |
               +--------+--------+--------+--------+--------+-----+--------+

Top non-repeatable levels by time:
  Lair:2: 4961 daAuts
     D:9: 3472 daAuts
     D:8: 3377 daAuts
    D:13: 3064 daAuts
  Lair:6: 2913 daAuts
    D:10: 2597 daAuts
    D:14: 2593 daAuts
  Lair:5: 2425 daAuts
  Lair:4: 2386 daAuts
     D:7: 2267 daAuts
     D:6: 2166 daAuts
  Lair:1: 2124 daAuts
     D:4: 1956 daAuts
    D:11: 1929 daAuts
   Orc:2: 1911 daAuts
